 Dungeon Crawl Stone Soup version 0.24-a0-170-gd8427f5 (webtiles) character file.

Game seed: 3540156238892755257

2862 zero the Cleaver (level 9, 0/59 HPs)
             Began as a Gargoyle Berserker on Mar 9, 2019.
             Was an Elder of Trog.
             Slain by an eight-headed hydra (4 damage)
             ... on level 8 of the Dungeon.
             The game lasted 00:12:12 (7185 turns).

zero the Cleaver (Gargoyle Berserker)               Turns: 7185, Time: 00:12:13

Health: 0/59       AC: 15    Str: 23    XL:     9   Next: 75%
Magic:  9/9        EV:  6    Int:  9    God:    Trog [****..]
Gold:   424        SH:  9    Dex:  9    Spells: 8/8 levels left

rFire    . . .     SeeInvis .   r - +0 war axe
rCold    . . .     Gourm    .   q - +0 shield
rNeg     + . .     Faith    .   o - +0 chain mail
rPois    ∞         Spirit   .   (no helmet)
rElec    +         Reflect  .   (no cloak)
rCorr    .         Harm     .   (no gloves)
MR       .....                  (no boots)
Stlth    ..........             (no amulet)
HPRegen  0.19/turn              (no ring)
MPRegen  0.11/turn              (no ring)

@: about to teleport
A: negative energy resistance 1, electricity resistance, unbreathing,
petrification resistance, rot immunity, AC +6
a: Berserk, Trog's Hand, Brothers in Arms, Renounce Religion


You were on level 8 of the Dungeon.
You worshipped Trog.
Trog was greatly pleased with you.
You were hungry.

You visited 1 branch of the dungeon, and saw 8 of its levels.
You also visited: Ossuary.

You collected 424 gold pieces.

Inventory:

Hand Weapons
 r - a +0 war axe (weapon)
Armour
 o - a +0 chain mail (worn)
 q - a +0 shield (worn)
Jewellery
 a - an uncursed ring of protection from cold {unknown}
Scrolls
 e - 7 scrolls of remove curse
 g - 2 scrolls of enchant weapon {unknown}
 h - 6 scrolls of teleportation
 i - 2 scrolls of magic mapping
 l - 2 scrolls of blinking {unknown}
 m - a scroll of random uselessness {unknown}
 p - 9 scrolls of identify
 t - 2 scrolls of fear {unknown}
 u - a scroll of noise {unknown}
 x - a scroll of fog
Potions
 b - 3 potions of lignification
 d - a potion of heal wounds {unknown}
 f - 4 potions of flight {unknown}
 j - a potion of brilliance {unknown}
 k - 4 potions of magic {unknown}
 n - 5 potions of curing {unknown}
 s - 2 potions of cancellation {unknown}
 v - 2 potions of agility {unknown}
 w - a potion of degeneration {unknown}
 A - a potion of mutation {unknown}
 B - 2 potions of haste {unknown}
Comestibles
 c - 13 rations


   Skills:
 - Level 8.0 Fighting
 + Level 10.1 Axes
 - Level 2.1 Armour
 - Level 1.5 Dodging
 - Level 4.0 Shields


You had 8 spell levels left.
You didn't know any spells.
Your spell library was empty.

Dungeon Overview and Level Annotations

Branches:
Dungeon (8/15)             Temple (0/1) D:7
   Lair: D:8-11

Altars:
Ashenzari
Cheibriados
Fedhas
Gozag
Kikubaaqudgha
Okawaru
Qazlal
Ru
Sif Muna
Uskayaw
Zin

Shops:
D:7 }


Innate Abilities, Weirdness & Mutations

You are resistant to torment.
Your stone body is resilient. (AC +6)
You are immune to poison.
You resist negative energy. (rN+)
You are resistant to electric shocks. (rElec)
You can survive without breathing.
You are immune to petrification.
You are immune to rotting.


Message History

The eight-headed hydra bites your ogre!
Your ogre dies!
Your ogre's corpse disappears in a puff of smoke!
You fail to use your ability.
As you read the scroll of teleportation, it crumbles to dust.
You feel strangely unstable.
The eight-headed hydra closely misses you.
The eight-headed hydra bites you but does no damage. x3
You block the eight-headed hydra's attack.
The eight-headed hydra bites you but does no damage. x3
Your surroundings flicker for a moment.
As you read the scroll of teleportation, it crumbles to dust.
You feel strangely unstable. The eight-headed hydra bites you.
* * * LOW HITPOINT WARNING * * *
The eight-headed hydra bites you.
* * * LOW HITPOINT WARNING * * *
The eight-headed hydra completely misses you.
The eight-headed hydra bites you but does no damage.
The eight-headed hydra bites you.
You die...

##############
#.#..........#
#..########.#
##...o.o.##.#
##.####.##.#
### ##[#
#o##.######.##
#.o#
#.D@.........#
#...#
####.######.##
#..... ...###
#.### .......
######.###...#
#.#####..
..........#.#
#.. ..
#.........# #.
..#
.###.......##
.......<÷..#
####.......#


You could see an eight-headed hydra and an orc.

Vanquished Creatures
  Prince Ribbit (D:6)
  Edmund (D:6)
  2 ice beasts
  A sky beast (D:5)
  A black bear (D:5)
  A phantom (D:5)
  An ogre (D:5)
  A centaur (D:5)
  4 bullfrogs
  8 scorpions
  3 killer bees (D:7)
  5 howler monkeys
  3 centaur zombies (Ossuary)
  2 crimson imps
  2 hounds
  A human zombie (Ossuary)
  A jelly (D:7)
  4 orc priests
  3 orc wizards
  A bullfrog skeleton (D:4)
  2 iguanas
  3 worker ants
  5 big kobold zombies (Ossuary)
  3 mummies (Ossuary)
  11 adders
  4 scorpion zombies (Ossuary)
  A shadow imp (D:6)
  2 worms
  2 dart slugs
  5 leopard geckos
  19 orcs
  8 giant cockroaches
  4 goblins
  5 hobgoblins
  9 jackals
  7 kobolds
  2 quokkas (D:3)
  6 bats
  8 frilled lizards
  2 gnoll zombies (Ossuary)
  2 goblin zombies (Ossuary)
  2 hobgoblin zombies (Ossuary)
  2 kobold zombies (Ossuary)
  4 orc zombies (Ossuary)
  2 quokka skeletons
  8 rats
174 creatures vanquished.

Notes
Turn   | Place    | Note
-------+----------+-------------------------------------------
     0 | D:1      | zero the Gargoyle Berserker began the quest for the Orb.
     0 | D:1      | Reached XP level 1. HP: 14/14 MP: 1/1
    85 | D:1      | Reached skill level 3 in Axes
   102 | D:1      | Reached XP level 2. HP: 16/19 MP: 2/2
   692 | D:1      | Reached XP level 3. HP: 20/23 MP: 3/3
  1254 | D:2      | Reached skill level 4 in Axes
  1453 | D:2      | Found a stormy altar of Qazlal.
  1502 | D:2      | Found a deep blue altar of Sif Muna.
  1859 | D:3      | Reached XP level 4. HP: 26/28 MP: 4/4
  1864 | D:3      | Found an opulent altar of Gozag.
  1896 | D:3      | Found a shattered altar of Ashenzari.
  2118 | D:3      | Reached ** piety under Trog
  2152 | D:3      | Reached skill level 1 in Shields
  2716 | D:4      | Reached XP level 5. HP: 27/32 MP: 5/5
  2968 | D:4      | Reached skill level 5 in Axes
  3022 | D:4      | Reached XP level 6. HP: 22/37 MP: 6/6
  3188 | D:5      | Entered Level 5 of the Dungeon
  3190 | D:5      | Noticed an ice beast
  3202 | D:5      | Killed an ice beast
  3348 | D:5      | Found a sand-covered staircase.
  3358 | Ossuary  | Entered an ossuary
  3403 | Ossuary  | Reached XP level 7. HP: 24/41 MP: 7/7
  3406 | Ossuary  | Reached skill level 6 in Axes
  3411 | Ossuary  | Reached *** piety under Trog
  3917 | Ossuary  | Reached skill level 7 in Axes
  4004 | Ossuary  | Reached XP level 8. HP: 38/46 MP: 8/8
  4031 | Ossuary  | Reached skill level 8 in Axes
  4704 | D:5      | Reached skill level 5 in Fighting
  4810 | D:5      | Reached **** piety under Trog
  4852 | D:5      | Reached skill level 9 in Axes
  4867 | D:5      | Found a hide-covered altar of Uskayaw.
  4867 | D:5      | Found an iron altar of Okawaru.
  4868 | D:5      | Found a sacrificial altar of Ru.
  5144 | D:6      | Noticed Prince Ribbit
  5158 | D:6      | Killed Prince Ribbit
  5158 | D:6      | Reached XP level 9. HP: 33/55 MP: 9/9
  5287 | D:6      | Noticed Edmund
  5309 | D:6      | Killed Edmund
  5399 | D:6      | Found an ancient bone altar of Kikubaaqudgha.
  5607 | D:6      | Found a blossoming altar of Fedhas.
  6205 | D:7      | Found a snail-covered altar of Cheibriados.
  6207 | D:7      | Found Vitaoc's Gadget Boutique.
  6573 | D:7      | Reached skill level 10 in Axes
  6816 | D:7      | Found a staircase to the Ecumenical Temple.
  6862 | D:7      | Found a blossoming altar of Fedhas.
  6917 | D:7      | Found a glowing silver altar of Zin.
  6918 | D:7      | Found an opulent altar of Gozag.
  7164 | D:8      | Noticed a six-headed hydra
  7185 | D:8      | Slain by an eight-headed hydra

Levels and vault maps discovered:
D:1:      shiori_shiawase, layout_loops_corners
D:2:      layout_loops_ring, led_sif_pool, overflow_temple_1_default
D:3:      layout_loops_corners, lemuel_crystal_altar, first_ration,
          nicolae_gozag_seed_capital
D:4:      layout_cave_pools
D:5:      black_bear_nest_1, layout_loops_ring,
          gammafunk_temple_overflow_forgotten, chequers_ossuary_entry_cave,
          minmay_liquid_box
D:6:      layout_basic, lemuel_round_altar, fedhas_altar_2, uniq_prince_ribbit1,
          uniq_edmund
D:7:      layout_loops_corners, grunt_temple_overflow_gold_and_silver,
          kennysheep_little_box, minmay_temple_entry_statues_fountains,
          basic_altar, serial_shops, nicolae_shop_crystal
D:8:      layout_loops_ring, grunt_ogre_cave, kennysheep_generic_room_6,
          uniq_gastronok, uniq_maurice
Ossuary:  ossuary_minmay_scorpions

Skill      XL: |  1  2  3  4  5  6  7  8  9 |
---------------+----------------------------+-----
Axes           | 3 4 5 7 9 10 | 10.1
Shields        | 2 3 4 |  4.0
Fighting       | 6 8 |  8.0
Armour         | |  2.1
Dodging        | |  1.5

Action                   |  1- 3 |  4- 6 |  7- 9 || total
-------------------------+-------+-------+-------++-------
Melee: Hand axe          |   151 |    59 |       ||   210
       War axe           |       |   115 |   395 ||   510
Invok: Berserk           |       |     1 |     4 ||     5
       Brothers in Arms  |       |       |     1 ||     1
  Use: Scroll            |       |     6 |     2 ||     8
  Eat: Chunk             |     3 |     6 |    13 ||    22
       Ration            |       |       |     1 ||     1
Armor: Animal skin       |    10 |       |       ||    10
       Ring mail         |    25 |       |       ||    25
       Chain mail        |    33 |    92 |   277 ||   402
Dodge: Dodged            |    81 |    45 |    71 ||   197
Block: Shield            |    16 |    86 |   203 ||   305

Table legend:
 A = Non-vault XP
 B = Vault XP
 C = Vault XP percentage of total XP
 D = Non-vault monster count
 E = Vault monster count
 F = Vault count percentage of total count
                 A         B        C        D         E       F
            +---------+---------+-------+---------+---------+-------
      Total |    2667 |    1422 |  34.8 |     136 |      37 |  21.4
            +---------+---------+-------+---------+---------+-------
        D:1 |      38 |       0 |   0.0 |      23 |       0 |   0.0
        D:2 |      38 |       0 |   0.0 |      14 |       0 |   0.0
        D:3 |      43 |       0 |   0.0 |      17 |       0 |   0.0
        D:4 |     210 |       0 |   0.0 |      15 |       0 |   0.0
        D:5 |     953 |     126 |  11.7 |      24 |       1 |   4.0
        D:6 |     358 |     428 |  54.5 |      12 |       2 |  14.3
        D:7 |    1003 |       0 |   0.0 |      26 |       0 |   0.0
        D:8 |      24 |       0 |   0.0 |       5 |       0 |   0.0
    Ossuary |       0 |     868 | 100.0 |       0 |      34 | 100.0
            +---------+---------+-------+---------+---------+-------
